 Dungeon Crawl Stone Soup version 0.30.1-11-g7821555f0a (webtiles) character file.

Game seed: 12704684595509169983

70 ywiktor the Chopper (level 4, 0/60 HPs)
             Began as a Minotaur Berserker on Nov 6, 2023.
             Was a Believer of Trog.
             Slain by a gnoll
             ... wielding a +0 spear
              (8 damage)
             ... on level 2 of the Dungeon.
             The game lasted 00:03:07 (1295 turns).

ywiktor the Chopper (Minotaur Berserker)            Turns: 1295, Time: 00:03:08

Health: 0/60       AC:  3    Str: 24    XL:     4   Next: 3%
Magic:  3/3        EV: 12    Int:  4    God:    Trog [**....]
Gold:   64         SH:  0    Dex:  9    Spells: 3/3 levels left

rFire   . . .        a - +0 hand axe
rCold   . . .        (no shield)
rNeg    . . .        e - +0 leather armour
rPois   .            (helmet restricted)
rElec   .            (no cloak)
rCorr   .            (no gloves)
SInv    .            (no boots)
Will    .....        (no amulet) Stlth
                     (no ring)
HPRegen 0.30/turn    (no ring)
MPRegen 0.08/turn

%: no passive effects
@: berserking, lethally poisoned (0 -> -1), very quick
A: horns 2, retaliatory headbutt
a: Renounce Religion, Berserk, Trog's Hand


You were on level 2 of the Dungeon.
You worshipped Trog.
Trog was pleased with you.
You visited 1 branch of the dungeon, and saw 2 of its levels.

You collected 64 gold pieces.

Inventory:

Hand Weapons
 a - a +0 hand axe (weapon)
Armour
 b - a +0 animal skin
 e - a +0 leather armour (worn)
Scrolls
 c - a scroll of immolation {unknown}
 g - a scroll of blinking {unknown}
 h - a scroll of vulnerability {unknown}
Potions
 d - a potion of mutation {unknown}
 f - a potion of lignification
 j - a potion of degeneration {unknown}
 k - a potion of heal wounds {unknown}


   Skills:
 - Level 3.8 Fighting
 + Level 5.6 Axes
 - Level 2.6 Armour
 - Level 2.4 Dodging


You had 3 spell levels left.
You didn't know any spells.
Your spell library was empty.

Dungeon Overview and Level Annotations

Branches:
Dungeon (2/15)

Altars:


Innate Abilities, Weirdness & Mutations

You have a pair of horns on your head.
You reflexively headbutt those who attack you in melee.


Message History

The gnoll struggles against the net.
You see here a throwing net.
The gnoll struggles against the net.
The gnoll barely misses you. You furiously retaliate!
You headbutt the gnoll!
There is an open door here.
The gnoll hits you from afar with a +0 spear.
The gnoll struggles against the net.
The net rips apart, and the gnoll comes free!
You see here a throwing net.
The gnoll hits you but does no damage. The gnoll hits you with a +0 halberd!
There is an open door here.
The gnoll closely misses you. The gnoll misses you.
You hit the gnoll. You headbutt the gnoll!
The gnoll is almost dead.
You hit the adder but do no damage. You hit the gnoll but do no damage.
The adder bites you. The gnoll barely misses you. The adder bites you.
You barely miss the gnoll. You hit the gnoll. You slash the adder!
The adder bites you.
You are poisoned.
The adder poisons you! The gnoll barely misses you. x2
The adder attacks as you move away! The adder closely misses you.
The gnoll attacks as you move away! The gnoll hits you with a +0 club.
* * * LOW HITPOINT WARNING * * *
You feel sick. The gnoll barely misses you.
You see here a throwing net.
A red film seems to cover your vision as you go berserk!
You feel yourself moving faster!
You feel mighty!
You feel sick. The adder bites you but does no damage.
The gnoll closely misses you. x2
You slash the adder!
You kill the adder!
Trog accepts your kill.
You feel sick.
You have reached level 4!
You feel stronger.
You feel sick. The gnoll completely misses you. The gnoll closely misses you.
You closely miss the gnoll. You headbutt the gnoll!
The gnoll is heavily wounded.
The gnoll misses you. x2
The gnoll hits you from afar with a +0 spear!
You die...

...####.##.#########....#
....###.##.# ##...#
........##.# ##.##
....######+# #.# ..)##
#...# #.# ..## .....#
###.# .## ..$...# ##.#.#
..#### ......g####....#
.....+ .....grg@......#
..#### ......g####....#
.## ......# ##.#.# ##
...<.# ###.# #...# #.#
#... #.# #.. #.# #.


You could see 4 gnolls and a rat.

Vanquished Creatures
  Robin (D:2)
  2 adders (D:2)
  A dart slug (D:1)
  5 endoplasms (D:1)
  13 goblins
  5 hobgoblins
  2 ball pythons
  A bat (D:1)
  2 kobolds (D:1)
  4 rats
36 creatures vanquished.

Notes
Turn   | Place    | Note
-------+----------+-------------------------------------------
     0 | D:1      | ywiktor the Minotaur Berserker began the quest for the Orb.
     0 | D:1      | Reached XP level 1. HP: 19/19 MP: 0/0
   284 | D:1      | Reached XP level 2. HP: 27/27 MP: 1/1
   408 | D:1      | Reached skill level 4 in Axes
  1029 | D:2      | Noticed Robin
  1045 | D:2      | Reached XP level 3. HP: 33/33 MP: 2/2
  1053 | D:2      | Killed Robin
  1054 | D:2      | Reached skill level 5 in Axes
  1162 | D:2      | Reached ** piety under Trog
  1294 | D:2      | Reached XP level 4. HP: 9/40 MP: 3/3
  1295 | D:2      | Slain by a gnoll

Illustrated notes

Levels and vault maps discovered:
D:1:      minmay_arrival_doors, layout_loops_corners,
          chequers_serial_rivers_micro_b
D:2:      layout_loops_corners, hellmonk_ecumenical_altar_arch_garden,
          uniq_robin

Skill      XL: |  1  2  3 |
---------------+----------+-----
Axes           | 4 5 |  5.6
Fighting       | |  3.8
Armour         | |  2.6
Dodging        | |  2.4

Action                     |  1- 3 |  4- 6 || total
---------------------------+-------+-------++-------
  Melee: Hand axe          |    67 |     1 ||    68
         Headbutt          |    17 |     1 ||    18
  Throw: Throwing net      |     1 |       ||     1
 Invoke: Berserk           |     2 |       ||     2
    Use: Potion            |     1 |       ||     1
 Armour: Leather armour    |     6 |       ||     6
  Dodge: Dodged            |    42 |     4 ||    46
